 Dungeon Crawl Stone Soup version 0.25.0-10-g039870ee82 (console) character file.

Game seed: 8566427034745682672

56 bli the Poker (level 3, 0/30 HPs)
             Began as a Merfolk Abyssal Knight on June 22, 2020.
             Was a Believer of Lugonu.
             Slain by a worker ant (6 damage)
             ... on level 2 of the Dungeon.
             The game lasted 00:05:24 (1172 turns).

bli the Poker (Merfolk Abyssal Knight)              Turns: 1172, Time: 00:05:25

Health: 0/30       AC:  3    Str: 12    XL:     3   Next: 97%
Magic:  4/4        EV: 12    Int: 11    God:    Lugonu [**....]
Gold:   99         SH:  3    Dex: 14    Spells: 2/2 levels left

rFire    . . .     SeeInvis .   a - +1 spear
rCold    . . .     Gourm    .   h - +0 buckler
rNeg     . . .     Faith    .   b - +0 leather armour
rPois    .         Spirit   .   (no helmet)
rElec    .         Reflect  .   (no cloak)
rCorr    .         Harm     .   (no gloves)
MR       .....                  (no boots)
Stlth    +.........             (no amulet)
HPRegen  0.10/turn              (no ring)
MPRegen  0.09/turn              (no ring)

@: lethally poisoned (0 -> -13)
A: change form in water, swift swim, stealthy swim
a: Depart the Abyss, Bend Space, Renounce Religion


You were on level 2 of the Dungeon.
You worshipped Lugonu.
Lugonu was pleased with you.
You were not hungry.

You visited 1 branch of the dungeon, and saw 2 of its levels.
You visited the Abyss 1 time.

You collected 99 gold pieces.

Inventory:

Hand Weapons
 a - a +1 spear (weapon)
Missiles
 k - 6 poisoned darts (quivered)
Armour
 b - a +0 leather armour (worn)
 h - a +0 buckler (worn)
Scrolls
 d - a scroll of fear {unknown}
 e - 2 scrolls of identify {unknown}
 j - a scroll of amnesia {unknown}
Potions
 f - a potion of mutation {unknown}
 g - a potion of invisibility {unknown}
Comestibles
 c - 3 rations
 i - a chunk of flesh


   Skills:
 + Level 3.7 Fighting
 + Level 4.9 Polearms
 + Level 0.8 Armour
 * Level 3.4 Dodging
 - Level 2.0 Invocations


You had 2 spell levels left.
You didn't know any spells.
Your spell library was empty.

Dungeon Overview and Level Annotations

Branches:
Dungeon (2/15)

Altars:
Zin


Message History

The worker ant bites you!
You hit the worker ant.
The worker ant is severely wounded.
The worker ant misses you.
You closely miss the worker ant.
The worker ant is severely wounded.
The worker ant bites you.
You are poisoned.
The worker ant poisons you!
You hit the worker ant but do no damage.
The worker ant is severely wounded.
You feel sick. The worker ant bites you.
* * * LOW HITPOINT WARNING * * *
You are more poisoned.
The worker ant poisons you!
You closely miss the worker ant.
The worker ant is severely wounded.
* * * LOW HITPOINT WARNING * * *
You feel sick. You block the worker ant's attack. The worker ant bites you.
You die...

#.....##### ##......
#....### ....
##.#..... ...
####.รท#....# $..
#.......##.. ..
#.....### ## ##.##
#.....# #...#
#..(..###### #$a.#
#...........
#..@#########..#####
#.......<.(...##
#...###########
#...# #...# #####


You could see a worker ant.

Vanquished Creatures
  An adder (D:2)
  An ooze (D:1)
  2 dart slugs (D:1)
  4 bats
  3 giant cockroaches (D:1)
  5 hobgoblins
  2 frilled lizards
  8 goblins
  6 kobolds
  5 rats (D:1)
37 creatures vanquished.

Notes
Turn   | Place    | Note
-------+----------+-------------------------------------------
     0 | Abyss:1  | bli the Merfolk Abyssal Knight began the quest for the Orb.
     0 | Abyss:1  | Reached XP level 1. HP: 18/18 MP: 2/2
    69 | Abyss:2  | Noticed a thrashing horror
    74 | Abyss:3  | Noticed a meliai
    74 | Abyss:3  | a shapeshifter changed into a meliai
    74 | Abyss:3  | Noticed a cyan very ugly thing
    80 | D:1      | Escaped the Abyss
   121 | D:1      | Reached XP level 2. HP: 24/24 MP: 3/3
   356 | D:1      | Reached skill level 4 in Polearms
   370 | D:1      | Reached XP level 3. HP: 23/29 MP: 4/4
   861 | D:2      | Reached ** piety under Lugonu
   918 | D:2      | Found a glowing silver altar of Zin.
  1172 | D:2      | Slain by a worker ant

Illustrated notes

Levels and vault maps discovered:
D:1:      evilmike_arrival_plus, layout_loops_cross
D:2:      layout_rooms, nicolae_overflow_crystal_walls

Skill      XL: |  1  2 |
---------------+-------+-----
Dodging        | 3 |  3.4
Polearms       | 4 |  4.9
Fighting       | |  3.7
Armour         | |  0.8
Invocations    | |  2.0

Action                   || total
-------------------------++-------
Melee: Spear             ||   139
  Eat: Chunk             ||     1
Armor: Leather armour    ||    20
Dodge: Dodged            ||    57
Block: Buckler           ||    10
